 Dungeon Crawl Stone Soup version 0.29.1-15-g9cfb28693d (webtiles) character file.

Game seed: 7804711241459001862

2347 linchpin the Trooper (level 9, -1/78 HPs)
             Began as a Yellow Draconian Berserker on Feb 21, 2023.
             Was an Elder of Trog.
             Slain by a gnoll sergeant
             ... wielding a +0 glaive
              (11 damage)
             ... in a bailey.
             The game lasted 00:49:31 (8519 turns).

linchpin the Trooper (Yellow Draconian Berserker)   Turns: 8519, Time: 00:49:32

Health: -1/78      AC: 10    Str: 24    XL:     9   Next: 20%
Magic:  0/9        EV:  8    Int: 13    God:    Trog [****..]
Gold:   445        SH:  0    Dex: 17    Spells: 8/8 levels left

rFire   . . .      SeeInvis .   D - +2 dire flail (vorpal)
rCold   x . .      Faith    .   (shield currently unavailable)
rNeg    . . .      Spirit   +   (body armour unavailable)
rPois   .          Reflect  .   (helmet restricted)
rElec   .          Harm     +   p - scarf {harm}
rCorr   +          Rampage  .   O - +2 pair of gloves "Faumy" {-Cast rC- Regen+ Stlth+}
Will    ++...      NoCast   +   (no boots)
Stlth   +++.......              j - amulet of guardian spirit
HPRegen 2.03/turn               c - +6 ring of intelligence
MPRegen 0.11/turn               d - +6 ring of dexterity

@: short of breath, strong-willed, held, regenerating
A: spit acid, AC +7, unfitting armour, cold-blooded, acid resistance
a: Breathe Acid, Renounce Religion, Berserk, Trog's Hand, Brothers in Arms


You were in a bailey.
You worshipped Trog.
Trog was greatly pleased with you.
You visited 2 branches of the dungeon, and saw 8 of its levels.
You also visited: Bailey.

You collected 445 gold pieces.

Inventory:

Hand Weapons
 a - a +0 hand axe
 b - a +2 falchion of holy wrath
 r - a +1 vampiric dagger
 u - a +1 dagger of flaming
 w - a +4 mace
 x - a +3 short sword
 D - a +2 vorpal dire flail (weapon)
 U - a +0 giant club
Missiles
 s - 47 stones (quivered)
 t - 3 poisoned darts
 H - 6 boomerangs
 V - a throwing net
Armour
 k - a +0 helmet
 o - a +0 ring mail
 p - a scarf of harm (worn)
 y - a +0 kite shield
 J - the +0 leather armour of Giloerig {Will+ Str+7 Dex-2 Slay+2}
   (You found it on level 5 of the Dungeon)

   Str:       It affects your strength (+7).
   Dex:       It affects your dexterity (-2).
   Slay:      It affects your accuracy & damage with ranged weapons and melee
   (+2).
   Will:      It increases your willpower.
 K - a +0 buckler
 O - the +2 pair of gloves "Faumy" (worn) {-Cast rC- Regen+ Stlth+}
   (You found it on level 6 of the Dungeon)

   rC:        It makes you vulnerable to cold.
   -Cast:     It prevents spellcasting.
   Regen:     It increases your rate of health regeneration.
   Stlth:     It makes you more stealthy.
Magical Staves
 L - a staff of death
Jewellery
 c - a +6 ring of intelligence (left hand)
 d - a +6 ring of dexterity (right hand)
 j - an amulet of guardian spirit (around neck)
 q - an amulet of the acrobat
 M - a ring of protection from fire
 P - a +6 ring of dexterity
Wands
 S - a wand of roots (12)
Scrolls
 e - a scroll of blinking {unknown}
 h - a scroll of fog {unknown}
 i - 3 scrolls of identify
 l - a scroll of teleportation
 n - 2 scrolls of torment
 v - a scroll of immolation {unknown}
 B - a scroll of enchant armour {unknown}
 Q - a scroll of vulnerability {unknown}
 R - a scroll of fear {unknown}
 T - a scroll of poison {unknown}
Potions
 f - a potion of curing
 g - 3 potions of degeneration {unknown}
 m - a potion of attraction
 z - a potion of haste {unknown}
 A - 2 potions of resistance
 C - a potion of brilliance {unknown}
 E - 2 potions of ambrosia
 F - a potion of flight
 G - a potion of lignification {unknown}
 I - a potion of berserk rage {unknown}
 N - a potion of heal wounds {unknown}


   Skills:
 + Level 6.5 Fighting
 + Level 5.7 Long Blades
 + Level 3.5(5.3) Axes
 + Level 6.3(6.7) Maces & Flails
 + Level 5.8 Dodging
 + Level 3.2 Stealth


You had 8 spell levels left.
You didn't know any spells.
Your spell library contained the following spells:

 Spells                   Type           Power      Damage    Failure   Level
 Freeze                   Ice            0%         1d3       30%         1
 Conjure Flame            Conj/Fire      0%         6-21      67%         3
 Frozen Ramparts          Ice            0%         1d1       67%         3
 Mephitic Cloud           Conj/Pois/Air  0%         N/A       67%         3
 Ozocubu's Armour         Ice            0%         N/A       67%         3
 Hailstorm                Conj/Ice       0%         3d3       97%         4
 Blade Hands              Tmut           0%         N/A       100%        5
 Fireball                 Conj/Fire      0%         3d3       100%        5
 Irradiate                Conj/Tmut      0%         3d11      100%        5
 Dragon Form              Tmut           0%         N/A       100%        7
 Ozocubu's Refrigeration  Ice            0%         4d7       100%        7
 Chain Lightning          Conj/Air       0%         N/A       100%        9


Dungeon Overview and Level Annotations

Branches:
Dungeon (7/15)             Temple (1/1) D:5          Bailey (1/1)

Altars:
Elyvilon
Hepliaklqana
Kikubaaqudgha
Qazlal
Ru
Sif Muna
Trog
Uskayaw
Wu Jian
Xom
Yredelemnul

Shops:
D:6 **


Innate Abilities, Weirdness & Mutations

You can spit globs of acid.
Your golden yellow scales are hard. (AC +7)
You cannot fit into any form of body armour.
You are cold-blooded and may be slowed by cold attacks.
You are resistant to acid. (rCorr)


Message History

The acid splashes onto the gnoll sergeant!
The gnoll sergeant is splashed with acid.
The acid corrodes the gnoll sergeant!
The acid splashes onto the gnoll sergeant!
The gnoll sergeant is splashed with acid.
You kill the gnoll!
Trog accepts your kill.
The gnoll sergeant hits you from afar with a +0 glaive!
The gnoll hits you from afar with a +0 trident.
The gnoll sergeant hits you from afar with a +0 halberd!
The gnoll hits you but does no damage.
The gnoll sergeant completely misses you.
Things that are here:
a +0 trident; a +0 scale mail; a gnoll corpse You thump the gnoll sergeant!
The gnoll sergeant is severely wounded.
The gnoll closely misses you. The gnoll sergeant closely misses you.
You barely miss the gnoll sergeant.
The gnoll sergeant is severely wounded.
The gnoll sergeant hits you with a +0 glaive!
The gnoll closely misses you.
The gnoll hits you from afar with a +0 trident.
The gnoll sergeant closely misses you.
You hit the gnoll sergeant but do no damage.
The gnoll sergeant is severely wounded.
The gnoll throws a throwing net.
The throwing net hits you.
You become entangled in the net!
The gnoll hits you from afar with a +0 trident.
The gnoll sergeant hits you from afar with a +0 halberd.
You struggle against the net.
The gnoll hits you from afar with a +0 trident.
The gnoll hits you but does no damage.
The gnoll sergeant hits you with a +0 glaive!
* * * LOW HITPOINT WARNING * * *
The gnoll sergeant hits you from afar with a +0 halberd.
* * * LOW HITPOINT WARNING * * *
Your skin crawls.
You feel strong-willed.
The gnoll sergeant hits you with a +0 glaive!
You die...

♣♣♣...........♣♣♣
♣♣...............♣
♣♣≈≈≈≈≈≈≈...≈≈≈≈≈≈≈♣
♣≈≈...............≈≈♣
♣≈.................≈♣
♣≈.######'''######.≈♣
♣ #.).# .≈♣ #...# #≈♣
#.@g# ≈♣ ##'##


#ggg #..).. #....... #..$8$..# #.......# ##.....## You could see 2 gnoll
sergeants and 2 gnolls.

Vanquished Creatures
  A steam dragon (D:7)
  Edmund (D:5)
  2 water moccasins
  2 sky beasts (D:7)
  An ogre (D:7)
  A centaur (D:6)
  A phantom (D:5)
  4 scorpions
  3 wights (D:4)
  2 killer bees (D:7)
  8 hounds
  An orc priest (D:6)
  2 gnoll boudas
  A jelly (D:7)
  4 iguanas
  2 orc wizards (D:4)
  15 adders
  12 gnolls
  7 river rats (D:6)
  A shadow imp (D:6)
  2 ufetubi (D:5)
  4 worms
  A dart slug (D:5)
  25 orcs
  12 ball pythons
  5 bats
  5 endoplasms
  A giant cockroach (D:4)
  5 goblins
  9 hobgoblins
  11 jackals
  11 quokkas
  2 frilled lizards
  7 kobolds
  25 rats
196 creatures vanquished.

Notes
Turn   | Place    | Note
-------+----------+-------------------------------------------
     0 | D:1      | linchpin the Draconian Berserker began the quest for the
                  | Orb.
     0 | D:1      | Reached XP level 1. HP: 19/19 MP: 1/1
   329 | D:1      | Reached XP level 2. HP: 26/26 MP: 2/2
   487 | D:1      | Found a faded altar of an unknown god.
   760 | D:2      | Reached XP level 3. HP: 33/33 MP: 3/3
  1099 | D:2      | Reached ** piety under Trog
  1358 | D:2      | Reached skill level 1 in Long Blades
  1360 | D:2      | Reached XP level 4. HP: 37/40 MP: 4/4
  2115 | D:3      | Found a shimmering altar of Xom.
  2123 | D:3      | Found a hazy altar of Hepliaklqana.
  2124 | D:3      | Noticed a spectral ugly thing
  2504 | D:3      | Reached XP level 5. HP: 29/46 MP: 3/5
  2786 | D:4      | Got Doukhlic's Exposition on Attacks
  2801 | D:4      | Reached *** piety under Trog
  2826 | D:4      | Reached skill level 1 in Stealth
  3167 | D:4      | Reached XP level 6. HP: 21/47 MP: 3/6
  4564 | D:4      | Your scales start taking on a golden yellow colour.
  4564 | D:4      | Reached XP level 7. HP: 58/60 MP: 7/7
  4564 | D:4      | Gained mutation: You are resistant to acid. (rCorr) [Yellow
                  | Draconian growth]
  4722 | D:5      | Entered Level 5 of the Dungeon
  4751 | D:5      | Noticed Edmund
  4771 | D:5      | Killed Edmund
  4772 | D:5      | Reached skill level 5 in Fighting
  4772 | D:5      | Reached skill level 5 in Long Blades
  5037 | D:5      | Reached skill level 1 in Maces & Flails
  5317 | D:5      | Found a staircase to the Ecumenical Temple.
  5326 | Temple   | Entered the Ecumenical Temple
  5407 | D:5      | Reached XP level 8. HP: 49/69 MP: 6/8
  5584 | D:5      | Reached skill level 5 in Dodging
  5600 | D:5      | Identified the +0 leather armour of Giloerig {Will+ Str+7
                  | Dex-2 Slay+2}
  6806 | D:6      | Found Qorhec's General Store.
  6811 | D:6      | Found Qeigh's Specific Store.
  7169 | D:6      | Reached **** piety under Trog
  7682 | D:6      | Noticed a troll
  7898 | D:6      | Identified the +2 pair of gloves "Faumy" {-Cast rC- Regen+
                  | Stlth+}
  8195 | D:7      | Found a white marble altar of Elyvilon.
  8196 | D:7      | Found a sacrificial altar of Ru.
  8209 | D:7      | Reached skill level 5 in Maces & Flails
  8284 | D:7      | Reached XP level 9. HP: 75/78 MP: 7/9
  8369 | D:7      | Found a flagged portal.
  8378 | Bailey   | Entered a bailey
  8519 | Bailey   | Slain by a gnoll sergeant

Illustrated notes

Levels and vault maps discovered:
D:1:      psy_arrival_fountain, layout_basic,
          hellmonk_ecumenical_altar_pennies_from_heaven,
          minmay_misc_feat_hallway, nicolae_figureground_pulse
D:2:      layout_basic, hangedman_decor_riveting
D:3:      layout_loops_cross, regret_index_temple_of_mockery
D:4:      layout_cave_pods, minivault_5
D:5:      minmay_octagon_keep, layout_loops_ring, temple_green,
          serial_bayou_pond_e, uniq_edmund
D:6:      lemuel_ratsnest, layout_rooms, st_stairs_2, nicolae_specific_store,
          kennysheep_crisscross, hellmonk_guarded_unrand_lears
D:7:      layout_cave_pools, gammafunk_temple_overflow_pools, enter_bailey_2
Temple:   nicolae_temple_bog_church
Bailey:   bailey_polearm_gnolls_kennysheep, bailey

Skill      XL: |  1  2  3  4  5  6  7  8  9 |
---------------+----------------------------+-----
Dodging        | 3 4 5 |  5.8
Fighting       | 4 5 6 |  6.5
Long Blades    | 1 2 3 4 5 |  5.7
Stealth        | 1 2 3 |  3.2
Maces & Flails | 1 5 6 |  6.3
Axes           | |  3.5

Action                   |  1- 3 |  4- 6 |  7- 9 || total
-------------------------+-------+-------+-------++-------
Melee: Falchion          |    86 |   223 |    12 ||   321
       Hand axe          |     5 |       |       ||     5
       Tailslap          |    10 |    39 |    25 ||    74
       Punch             |     1 |     4 |       ||     5
       Dire flail        |       |       |   226 ||   226
       Mace              |       |       |    12 ||    12
Invok: Trog's Hand       |       |       |     1 ||     1
 Abil: Breathe Acid      |       |       |     6 ||     6
  Use: Potion            |       |       |     6 ||     6
       Scroll            |       |       |     3 ||     3
 Stab: Sleeping          |     1 |     3 |     6 ||    10
Armor: Skin              |    31 |    47 |    88 ||   166
Dodge: Dodged            |    51 |   160 |   250 ||   461
